 Dungeon Crawl Stone Soup version 0.25-a0-426-g7d9e569eea (webtiles) character file.

Game seed: 15817428723054050640, levelgen mode: deterministic

81 shadowtheveil the Skirmisher (level 4, -3/41 HPs)
             Began as a Minotaur Berserker on Jan 24, 2020.
             Was a Believer of Trog.
             Slain by a gnoll
             ... wielding a +0 halberd
              (9 damage)
             ... on level 3 of the Dungeon.
             The game lasted 00:16:43 (1418 turns).

shadowtheveil the Skirmisher (Minotaur Berserker)   Turns: 1418, Time: 00:16:43

Health: -3/41      AC: 12    Str: 23    XL:     4   Next: 20%
Magic:  3/3        EV:  7    Int:  4    God:    Trog [**....]
Gold:   90         SH:  0    Dex:  9    Spells: 3/3 levels left

rFire    . . .     SeeInvis .   a - +0 hand axe
rCold    . . .     Gourm    .   (no shield)
rNeg     . . .     Faith    .   l - +0 plate armour
rPois    .         Spirit   .   (helmet restricted)
rElec    .         Reflect  .   (no cloak)
rCorr    .         Harm     +   h - +0 pair of gloves
MR       .....                  (no boots)
Stlth    ..........             p - amulet of harm
HPRegen  0.13/turn              (no ring)
MPRegen  0.08/turn              (no ring)

@: no status effects
A: retaliatory headbutt, horns 2
a: Berserk, Trog's Hand, Renounce Religion


You were on level 3 of the Dungeon.
You worshipped Trog.
Trog was pleased with you.
You were full.

You visited 1 branch of the dungeon, and saw 3 of its levels.

You collected 90 gold pieces.

Inventory:

Hand Weapons
 a - a +0 hand axe (weapon)
 e - a +0 dagger
Armour
 b - a +0 animal skin
 f - a +0 robe
 h - a +0 pair of gloves (worn)
 l - a +0 plate armour (worn)
Jewellery
 p - an amulet of harm (around neck)
Scrolls
 c - a scroll of teleportation {unknown}
 k - a scroll of remove curse {unknown}
 m - a scroll of enchant armour {unknown}
 n - a scroll of blinking {unknown}
Potions
 g - a potion of flight {unknown}
 j - a potion of lignification {unknown}
 o - 2 potions of invisibility {unknown}
Comestibles
 i - 3 rations


   Skills:
 + Level 4.6 Fighting
 + Level 4.5 Axes
 + Level 3.0 Armour
 + Level 2.6 Dodging
 + Level 0.2 Stealth
 + Level 0.7 Unarmed Combat


You had 3 spell levels left.
You didn't know any spells.
Your spell library was empty.

Dungeon Overview and Level Annotations

Branches:
Dungeon (3/15)

Altars:
Ashenzari


Innate Abilities, Weirdness & Mutations

You reflexively headbutt those who attack you in melee.
You have a pair of horns on your head.


Message History

Your plate armour prevents you from hitting the gnoll.
You headbutt the gnoll, but do no damage.
The gnoll is severely wounded.
The gnoll hits you from afar with a +0 halberd.
* * * LOW HITPOINT WARNING * * *
The gnoll closely misses you.
You slash the gnoll!
You kill the gnoll!
Trog accepts your kill.
Your Armour skill increases to level 3!
The gnoll hits you but does no damage.
You hit the gnoll.
The gnoll is moderately wounded.
The gnoll barely misses you. The gnoll hits you but does no damage.
You closely miss the gnoll.
The gnoll is moderately wounded.
The gnoll hits you with a +0 halberd.
* * * LOW HITPOINT WARNING * * *
The gnoll hits you from afar with a +0 halberd!
You die...

#####.# #######.#
.).##.###.......#################
#........................ .....>
#.(####....####........# #....
#.(# #....# #........# #.... #..#
#..÷.# #........####+#.... #..#
#....# #.................. .(.#
#....####.....÷............
(.#####.........@................
.....##.....###g#####...÷........
.>............g.....+............
.###.####+###.#'#####............
.# #.......................%.....
#########.###†.........####+###..
..........# #..........# #..
#############..........# #..
.................# #..


You could see 2 gnolls.

Vanquished Creatures
  A gnoll (D:3)
  3 adders
  2 worms
  A dart slug (D:2)
  2 leopard geckos
  A giant cockroach (D:2)
  4 goblins
  6 hobgoblins
  A jackal (D:1)
  A quokka (D:2)
  A ball python (D:3)
  5 bats
  2 frilled lizards
  5 kobolds
  5 rats
40 creatures vanquished.

Notes
Turn   | Place    | Note
-------+----------+-------------------------------------------
     0 | D:1      | shadowtheveil the Minotaur Berserker began the quest for
                  | the Orb.
     0 | D:1      | Reached XP level 1. HP: 19/19 MP: 0/0
   106 | D:1      | Reached XP level 2. HP: 14/27 MP: 1/1
   831 | D:2      | Found a shattered altar of Ashenzari.
   850 | D:2      | Reached XP level 3. HP: 23/33 MP: 2/2
   951 | D:2      | Reached ** piety under Trog
  1405 | D:3      | Reached XP level 4. HP: 21/41 MP: 3/3
  1418 | D:3      | Slain by a gnoll

Levels and vault maps discovered:
D:1:      shiori_shiawase, layout_basic, minmay_split_cup_large
D:2:      layout_rooms, gammafunk_temple_overflow_elements,
          overflow_temple_1_default
D:3:      layout_basic, ebering_ghost_disaster_area

Skill      XL: |  1  2  3  4 |
---------------+-------------+-----
Axes           | 4 |  4.5
Fighting       | 4 |  4.6
Armour         | 3 |  3.0
Dodging        | |  2.6
Stealth        | |  0.2
Unarmed Combat | |  0.7

Action                   |  1- 3 |  4- 6 || total
-------------------------+-------+-------++-------
Melee: Hand axe          |    89 |     6 ||    95
       Unarmed           |     9 |       ||     9
       Headbutt          |     7 |     2 ||     9
Invok: Trog's Hand       |     1 |       ||     1
  Use: Scroll            |     3 |       ||     3
       Potion            |     1 |       ||     1
 Stab: Sleeping          |     1 |       ||     1
  Eat: Ration            |     2 |       ||     2
Armor: Animal skin       |     3 |       ||     3
       Plate armour      |    74 |     1 ||    75
Dodge: Dodged            |    56 |     4 ||    60

Table legend:
 A = Non-vault XP
 B = Vault XP
 C = Vault XP percentage of total XP
 D = Non-vault monster count
 E = Vault monster count
 F = Vault count percentage of total count
                 A         B        C        D         E       F
            +---------+---------+-------+---------+---------+-------
      Total |     111 |       6 |   5.1 |      36 |       4 |  10.0
            +---------+---------+-------+---------+---------+-------
        D:1 |      16 |       6 |  27.3 |       9 |       4 |  30.8
        D:2 |      54 |       0 |   0.0 |      17 |       0 |   0.0
        D:3 |      41 |       0 |   0.0 |      10 |       0 |   0.0
            +---------+---------+-------+---------+---------+-------
